 Dungeon Crawl Stone Soup version 0.31-a0-175-g9f7f995f2b (webtiles) character file.

Game seed: 5520945699630740614

128 qw the Shooter (level 5, -6/32 HPs)
             Began as a Gargoyle Hunter on June 16, 2023.
             Mangled by Pikel
             ... wielding a +2 whip of flaming
              (15 damage)
             ... on level 4 of the Dungeon.
             The game lasted 00:00:46 (2456 turns).

qw the Shooter (Gargoyle Hunter)                    Turns: 2456, Time: 00:00:47

Health: -6/32      AC: 11    Str: 14    XL:     5   Next: 12%
Magic:  5/5        EV: 10    Int: 10    God:
Gold:   179        SH:  0    Dex: 15    Spells: 4/4 levels left

rFire   . . .        Y - +1 shortbow
rCold   . . .        (shield currently unavailable)
rNeg    + . .        f - +0 ring mail
rPois   inf          c - +1 hat
rElec   +            (no cloak)
rCorr   .            d - +0 pair of gloves
SInv    +            (no boots)
Will    .....        j - amulet of the acrobat
Stlth   +            g - ring of see invisible
HPRegen 0.25/turn    (no ring)
MPRegen 0.09/turn

%: acrobat
@: no status effects
A: sickness immunity, AC +4, negative energy resistance 1, electricity
resistance, torment resistance 1, petrification resistance
a: no special abilities


You were on level 4 of the Dungeon.
You visited 1 branch of the dungeon, and saw 4 of its levels.

You collected 179 gold pieces.


Innate Abilities, Weirdness & Mutations

You are immune to sickness and miasma.
Your stone body is resilient. (AC +4)
You are immune to poison.
You resist negative energy. (rN+)
You are resistant to electric shocks. (rElec)
You are resistant to unholy torment.
You are immune to petrification.


   Skills:
 - Level 3.0 Fighting
 + Level 5.8 Ranged Weapons
 - Level 1.0 Armour
 - Level 1.5 Dodging
 - Level 1.1 Stealth


You had 4 spell levels left.
You didn't know any spells.
Your spell library was empty.

Inventory:

Hand Weapons
 Y - a +1 shortbow (weapon)
Armour
 c - a +1 hat (worn)
 d - a +0 pair of gloves (worn)
 f - a +0 ring mail (worn)
Jewellery
 g - a ring of see invisible (left hand)
 j - an amulet of the acrobat (around neck)
 l - a +6 ring of dexterity
Potions
 a - a potion of attraction
 b - a potion of curing {unknown}
 e - a potion of heal wounds {unknown}
 h - a potion of lignification {unknown}
 i - a potion of enlightenment {unknown}
 k - a potion of haste {unknown}

Dungeon Overview and Level Annotations

Branches:
Dungeon (4/15)
 Temple: D:4-7

Altars:

Annotations:
D:4 Pikel


Message History

You shoot an arrow. The lemure shouts!
The arrow hits the lemure.
The lemure is lightly wounded.
Pikel, Merchant of Souls comes into view.
He is wielding a +2 whip of flaming.
You shoot an arrow.
Pikel shouts!
The arrow hits the lemure.
The lemure is moderately wounded.
You hear a shout!
You shoot an arrow.
The arrow hits the lemure but does no damage.
The lemure is moderately wounded.
The lemure hits you.
You shoot an arrow. The arrow closely misses the lemure.
A lemure comes into view.
The lemure hits you.
You shoot an arrow. The arrow hits the lemure.
The lemure is moderately wounded.
The lemure closely misses you. x2
You shoot an arrow. The arrow hits the lemure.
The lemure is heavily wounded.
The lemure hits you but does no damage. The lemure closely misses you.
You shoot an arrow. The arrow hits the lemure.
The lemure is almost dead.
The lemure hits you!
Pikel drinks a potion.
Pikel goes berserk!
The lemure hits you but does no damage. x3
You shoot an arrow. The arrow hits the lemure!
You kill the lemure!
That felt strangely unrewarding.
The lemure hits you but does no damage.
You shoot an arrow.
The arrow hits the lemure but does no damage.
Pikel barely misses you.
Pikel hits you with a +2 whip of flaming!
Pikel burns you. The lemure misses you.
You shoot an arrow. The arrow hits the lemure.
The lemure is moderately wounded.
Pikel hits you with a +2 whip of flaming!
You die...

#. #. ##.## ...# #..# #
#..# .# #5K##.# #.5@..#
#.5.### #...#
########...# ...........#
.########..#
.......>.#############
#######..............####
#..............'...


You could see Pikel (berserk) and 3 lemures.

Vanquished Creatures
  A lemure (D:4)
  Terence (D:1)
  5 adders
  A worm (D:2)
  8 ball pythons
  5 bats
  5 endoplasms
  4 giant cockroaches
  4 goblins
  3 hobgoblins
  7 kobolds
  2 quokkas
  5 frilled lizards
  5 rats
56 creatures vanquished.

Notes
Turn   | Place    | Note
-------+----------+-------------------------------------------
     0 | D:1      | qw the Gargoyle Hunter began the quest for the Orb.
     0 | D:1      | Reached XP level 1. HP: 12/12 MP: 1/1
     0 | D:1      | 0 ||| qw: Version: 0.2-a-29-g511e9b1
     0 | D:1      | 0 ||| qw: Game counter: 5769
     0 | D:1      | 0 ||| qw: Always use a shield: true
     0 | D:1      | 0 ||| qw: God list: Okawaru
     0 | D:1      | 0 ||| qw: Allow faded altars: false
     0 | D:1      | 0 ||| qw: Do Orc after D:15 true
     0 | D:1      | 0 ||| qw: Do second Lair branch before Depths: true
     0 | D:1      | 0 ||| qw: Lair rune preference: random
     0 | D:1      | 0 ||| qw: Plans: Normal, Zot:1-4, Slime:5, God:TSO, Crypt,
                  | Tomb, Abyss, Pan, Hells, Win
     0 | D:1      | 0 ||| PLANNING D:1-11
     2 | D:1      | Noticed a felid
     4 | D:1      | Noticed a gargoyle
     4 | D:1      | Noticed an ogre
     6 | D:1      | Noticed a vampire
     6 | D:1      | Noticed a naga
     8 | D:1      | Noticed a formicid
     8 | D:1      | Noticed an armataur
    10 | D:1      | Noticed a troll
    10 | D:1      | Noticed a demigod
    12 | D:1      | Noticed an octopode
    14 | D:1      | Noticed a tengu
    14 | D:1      | Noticed a human
    16 | D:1      | Noticed a merfolk
    16 | D:1      | Noticed a draconian
    18 | D:1      | Noticed a ghoul
    18 | D:1      | Noticed an elf
    20 | D:1      | Noticed a minotaur
    22 | D:1      | Noticed a meteoran
    22 | D:1      | Noticed a vine stalker
    24 | D:1      | Noticed a naga
    24 | D:1      | Noticed a spriggan
    26 | D:1      | Noticed a minotaur
    26 | D:1      | Noticed a naga
   214 | D:1      | Reached XP level 2. HP: 17/17 MP: 2/2
   708 | D:1      | 708 ||| UPGRADING to ring of see invisible.
   709 | D:1      | 709 ||| READING scroll labelled AMUBOE WIVVI.
   710 | D:1      | 710 ||| READING 2 scrolls labelled GORAENNOUPN.
   711 | D:1      | 711 ||| READING scroll labelled HYZIBBE DEAFE.
   712 | D:1      | 712 ||| DROPPING scroll of butterflies.
   713 | D:1      | 713 ||| DROPPING scroll of fear.
   728 | D:2      | Noticed Terence
   745 | D:2      | 745 ||| STAIRDANCE
   750 | D:1      | Killed Terence
   751 | D:1      | Reached skill level 5 in Ranged Weapons
   751 | D:1      | Reached XP level 3. HP: 15/21 MP: 3/3
   797 | D:2      | Reached XP level 4. HP: 24/27 MP: 4/4
   876 | D:2      | Reached skill level 3 in Fighting
  1601 | D:2      | 1601 ||| UPGRADING to +0 pair of gloves.
  1606 | D:2      | 1606 ||| UPGRADING to +0 ring mail.
  1616 | D:2      | 1616 ||| DROPPING +0 leather armour.
  1617 | D:2      | 1617 ||| READING scroll labelled ESTISMEYSOA.
  1772 | D:3      | Reached skill level 1 in Armour
  1778 | D:3      | Reached XP level 5. HP: 30/32 MP: 5/5
  2282 | D:3      | 2282 ||| UPGRADING to +1 hat.
  2287 | D:3      | 2287 ||| UPGRADING to amulet of the acrobat.
  2292 | D:3      | 2292 ||| READING scroll labelled ZAIRUE EMOITH.
  2293 | D:3      | 2293 ||| DRINKING 2 sedimented sapphire potions.
  2444 | D:4      | Noticed a lemure
  2444 | D:4      | Noticed a lemure
  2446 | D:4      | Noticed a lemure
  2448 | D:4      | Noticed Pikel
  2450 | D:4      | Noticed a lemure
  2454 | D:4      | Killed a lemure
  2456 | D:4      | Mangled by Pikel

Levels and vault maps discovered:
D:1:      kb_arrival_jail, layout_loops_ring
D:2:      layout_basic, uniq_terence
D:3:      layout_loops_ring
D:4:      layout_basic, uniq_pikel

Skill      XL: |  1  2  3  4 |
---------------+-------------+-----
Ranged Weapons | 5 |  5.8
Fighting       | 3 |  3.0
Armour         | 1 |  1.0
Dodging        | |  1.5
Stealth        | |  1.1

Action                     |  1- 3 |  4- 6 || total
---------------------------+-------+-------++-------
   Fire: Shortbow          |    88 |    82 ||   170
    Use: Scroll            |     3 |     2 ||     5
         Potion            |       |     1 ||     1
 Armour: Leather armour    |    15 |     4 ||    19
         Ring mail         |       |     8 ||     8
  Dodge: Dodged            |    33 |    15 ||    48

Table legend:
 A = Non-vault XP
 B = Vault XP
 C = Vault XP percentage of total XP
 D = Non-vault monster count
 E = Vault monster count
 F = Vault count percentage of total count
                 A         B        C        D         E       F
            +---------+---------+-------+---------+---------+-------
      Total |     148 |      36 |  19.6 |      54 |       1 |   1.8
            +---------+---------+-------+---------+---------+-------
        D:1 |      28 |      36 |  56.2 |      17 |       1 |   5.6
        D:2 |      74 |       0 |   0.0 |      24 |       0 |   0.0
        D:3 |      46 |       0 |   0.0 |      13 |       0 |   0.0
            +---------+---------+-------+---------+---------+-------
